 Dungeon Sprint DCSS version bcrawl-1.14.2-1-gc900083943 (webtiles) character file.

Game seed: 4569362844049976314

0 MordorOrchid the Firebug (level 1, -7/10 HPs)
             Began as a Skeleton Fire Elementalist on Sept 22, 2019.
             Was an Initiate of Sif Muna.
             Mangled by a hell hound (9 damage)
             ... in the Dungeon (Sprint V: "Ziggurat Sprint").
             The game lasted 00:02:40 (62 turns).

MordorOrchid the Firebug (Skeleton Fire Elementalist) Turns: 62, Time: 00:02:40

Health: -7/10      AC:  2    Str: 26    XL:     1   Next: 0%
Magic:  0/4        EV:  4    Int: 13    God:    Sif Muna [......]
Gold:   0          SH: 25    Dex:  9    Spells: 5/6 levels left

rFire    . . .     SeeInvis +   m - +14 obsidian axe {chop, +Fly SInv *Curse} (curse)
rCold    + . .     Gourm    .   n - +18 shield of the Gong {rElec rN+ MR+ EV-5}
rNeg     + + +     Faith    .   a - +0 robe
rPois    ∞         Spirit   +   (no helmet)
rElec    +         Reflect  .   (no cloak)
rCorr    .         Harm     .   (no gloves)
MR       +....     NoTele   +   (no boots)
Stlth    ++........             (no amulet)
HPRegen  0.03/turn              l - +6 ring of strength
MPRegen  0.09/turn              k - +6 ring of strength

@: mesmerised
A: no food or potions, cold resistance 1, deterioration 1, negative energy
resistance 3, torment resistance, unbreathing, magic shield, sturdy frame 1,
spell healing
a: Divine Energy, Renounce Religion, Evoke Flight


You were in the Dungeon.
You worshipped Sif Muna.
Sif Muna was noncommittal.
You were not hungry.

You visited 1 branch

Inventory:

Hand Weapons
 h - the +6 Majin-Bo {vamp, *Drain Str+12 Int+24}
   (You found it in the Dungeon)

   It inflicts no extra harm, but heals its wielder when it wounds a living foe.
   It affects your strength (+12).
   It affects your intelligence (+24).
   It causes draining when unequipped.
 m - the cursed +14 obsidian axe (weapon) {chop, +Fly SInv *Curse}
   (You found it in the Dungeon)

   It inflicts extra damage upon your enemies.
   It lets you see invisible.
   It lets you fly.
   It curses itself when equipped.
   It has a curse placed upon it.
Missiles
 u - 1000 arrows
Armour
 a - a +0 robe (worn)
 n - the +18 shield of the Gong (worn) {rElec rN+ MR+ EV-5}
   (You found it in the Dungeon)

   It affects your evasion (-5).
   It insulates you from electricity.
   It protects you from negative energy.
   It affects your resistance to hostile enchantments.
Magical Staves
 f - an uncursed staff of energy
Jewellery
 i - a +6 ring of intelligence
 j - a +6 ring of intelligence
 k - a +6 ring of strength (right hand)
 l - a +6 ring of strength (left hand)
Wands
 b - a wand of disintegration (7)
 d - a wand of iceblast (7)
 e - a wand of acid (7)
Scrolls
 c - 4 scrolls of blinking
 o - 4 scrolls of amnesia
 p - 7 scrolls of fog
 q - a scroll of holy word
 r - 5 scrolls of identify
 s - 5 scrolls of remove curse
 t - 2 scrolls of fear
Miscellaneous
 g - a lightning rod (4/4)


   Skills:
 - Level 2.0 Dodging
 - Level 2.4 Stealth
 + Level 3.0 Spellcasting
 * Level 1.2 Conjurations
 + Level 3.0 Fire Magic


You had 5 spell levels left.
You knew the following spells:

 Your Spells              Type           Power        Failure   Level  Hunger
a - Flame Tongue          Conj/Fire      #....        56%         1    N/A

Your spell library contained the following spells:

 Spells                   Type           Power        Failure   Level  Hunger
 Flaming Arrows           Chrm/Fire      #.......     78%         2    N/A
 Conjure Flame            Conj/Fire      #.......     90%         3    N/A
 Inner Flame              Hex/Fire       N/A          95%         3    N/A
 Sticky Flame             Conj/Fire      #.......     100%        4    N/A
 Fireball                 Conj/Fire      #.........   100%        5    N/A

Dungeon Overview and Level Annotations

Branches:
Dungeon (1/1)

Altars:
Ashenzari
Cheibriados
Dithmenos
Elyvilon
Fedhas
Gozag
Hepliaklqana
Kikubaaqudgha
Lugonu
Makhleb
Nemelex Xobeh
Okawaru
Qazlal
Ru
Sif Muna
Trog
Uskayaw
Vehumet
Wu Jian
Xom
Yredelemnul
Zin
The Shining One
Beogh
Jiyva

Annotations:
D 1 transporter


Innate Abilities, Weirdness & Mutations

You do not eat or drink.
You are immune to poison.
Your flesh is cold resistant. (rC+)
Your body sometimes deteriorates upon taking damage.
You are immune to negative energy. (rN+++)
You are immune to unholy pain and torment.
You can survive without breathing.
When hurt, damage is shared between your health and your magic reserves.
Your movements are slightly less encumbered by armour. (ER -2)
Casting spells heals you.


Message History

Found a transporter.
Unknown command.
Visions of slaying the hell hound flood into your mind.
The white imp shouts, "Slither away, thou spongy moon-mazed bloater!"
You block the hell hound's attack.
GONNNNG!
You block the white imp's attack.
BOUMMMMG!
The hell hound pauses to sniff the ground.
The hell hound breathes flames at you. The blast of flame hits you!
Ouch! That really hurt!
* * * LOW HITPOINT WARNING * * *
You can't drink.
Unknown command.
Okay, then.
You closely miss the hell hound. You closely miss the white imp.
The hell hound bites you!
Ouch! That really hurt!
You die...

▓▓▓▓▓▓▓
▓.8©8.▓
▓.....▓
▓.5.h.▓
▓..@..▓
▓.....▓
▓..©..▓
▓▓▓▓▓▓▓


You could see a hell hound and a white imp.

Vanquished Creatures (others)
  Jessica (D)
1 creature vanquished.

Notes
Turn   | Place    | Note
-------+----------+-------------------------------------------
     0 | D        | MordorOrchid the Skeleton Fire Elementalist began the quest
                  | for the Orb.
     0 | D        | Reached XP level 1. HP: 10/10 MP: 4/4
     0 | D        | Found a shimmering blue altar of Sif Muna.
     0 | D        | Found a sacrificial altar of Ru.
     0 | D        | Found a bloodstained altar of Trog.
     0 | D        | Found a stormy altar of Qazlal.
     0 | D        | Found an iron altar of Okawaru.
     0 | D        | Found a sparkling altar of Nemelex Xobeh.
     0 | D        | Found a blossoming altar of Fedhas.
     1 | D        | Found the +6 Majin-Bo {vamp, *Drain Str+12 Int+24}
     1 | D        | Found the +7 great mace "Firestarter" {inner flame, rF++}
     1 | D        | Killed Jessica
     5 | D        | Found a corrupted altar of Lugonu.
     5 | D        | Found an ancient bone altar of Kikubaaqudgha.
     5 | D        | Found a burning altar of Makhleb.
     5 | D        | Found a transporter.
     5 | D        | Found a viscous altar of Jiyva.
     5 | D        | Found a hazy altar of Hepliaklqana.
    19 | D        | Found the +9 heavy crossbow "Sniper" {velocity, Acc+∞ SInv}
    19 | D        | Found the +10 dark maul {crush}
    19 | D        | Found the +15 Maxwell's patent armour {-Cast -Tele rElec
                  | MR+ rCorr}
    19 | D        | Found the +18 shield of the Gong {rElec rN+ MR+ EV-5}
    19 | D        | Found the cursed +14 obsidian axe {chop, +Fly SInv *Curse}
    21 | D        | Found an opulent altar of Gozag.
    43 | D        | Became a worshipper of Sif Muna the Loreminder
    59 | D        | Entered arena 2.
    59 | D        | Noticed a hell hound
    59 | D        | Found a transporter.
    62 | D        | Mangled by a hell hound

Action                   || total
-------------------------++-------
Melee: Broad axe         ||     1
Block: Shield            ||     2
